AoeStats
← 觅桃豚

African Clearing

510517292Analyzed
4v4 RM · 2d ago on Oct 1, 2026· 33m 59s· 8 players
Game mode
Random Map
Map size
Large (8 player)
Population
200
Speed
Normal
Resources
Standard
Victory
Conquest
Starting age
Dark Age
Ending age
Imperial Age
RankedLock teamsTeams togetherTeam positionsShared explorationLock speedFull tech treeHidden civsTurbo modeCheats
Victory
Defeat
🇧🇷 Ethiopians · Brazil
1102
+8
🇭🇰 Magyars · Hong Kong SAR China
1090
+8
🇨🇳 Huns · China
861
+17
🇨🇳 Huns · China
766
+20
🇻🇳 Huns · Vietnam
927
-15
🇹🇷 Vikings · Türkiye
914
-14
🇻🇳 Vietnamese · Vietnam
910
-14
🇻🇳 Tupi · Vietnam
821
-10
SongForBob
13:33 Loom
16:10 Feudal Age
21:13 Castle Age
20:13 Double-Bit Axe
20:10 Horse Collar
24:36 Bow Saw
24:28 Heavy Plow
24:39 Padded Archer Armor
24:11 Pikeman
24:40 Crossbowman
29:36 Forging
29:26 Scale Mail Armor
29:51 Fletching
31:23 Bodkin Arrow
Peaky Blinders
6:20 Loom
15:55 Feudal Age
20:51 Castle Age
19:04 Double-Bit Axe
20:46 Horse Collar
Katun
15:36 Feudal Age
16:35 Loom
19:14 Horse Collar
TranHaoNam
18:02 Feudal Age
19:37 Arson
无语
5:14 Loom
13:37 Feudal Age
18:52 Castle Age
16:40 Double-Bit Axe
16:37 Horse Collar
18:45 Fletching
19:06 Forging
19:03 Scale Barding Armor
19:53 Bloodlines
19:44 Husbandry
26:13 Chain Barding Armor
30:57 Iron Casting
goodluckming
14:42 Feudal Age
15:37 Double-Bit Axe
15:33 Horse Collar
18:25 Castle Age
16:57 Loom
17:48 Fletching
19:43 Bodkin Arrow
20:43 Padded Archer Armor
27:07 Bloodlines
29:04 Leather Archer Armor
29:17 Bow Saw
30:13 Ballistics
30:10 Husbandry
31:18 Wheelbarrow
31:09 Stone Mining
34:26 Coinage
34:41 Hand Cart
34:28 Heavy Plow
tony.li
6:34 Loom
14:29 Feudal Age
15:32 Double-Bit Axe
17:12 Wheelbarrow
17:33 Fletching
18:24 Forging
22:33 Castle Age
21:20 Gold Mining
21:34 Padded Archer Armor
22:27 Horse Collar
24:05 Bodkin Arrow
25:50 Heavy Plow
33:59 Imperial Age
32:10 Bow Saw
33:01 Stone Mining
33:47 Gold Shaft Mining
33:45 Scale Mail Armor
34:20 Iron Casting
觅桃豚
11:27 Loom
13:27 Feudal Age
16:28 Bloodlines
32:03 Double-Bit Axe
32:00 Horse Collar
34:57 Castle Age
Connection lost

Rejoining the realm…

Still unreachable

The connection could not be restored.

Session expired

The server has moved on; the page needs a fresh start.